AoeStats
← tom

Arabia

508301838Analyzed
1v1 RM · 11d ago on Sep 21, 2026· 54m 29s· 2 players
Game mode
Random Map
Map size
Tiny (2 player)
Population
200
Speed
Normal
Resources
Standard
Victory
Conquest
Starting age
Dark Age
Ending age
Imperial Age
RankedLock teamsTeams togetherTeam positionsShared explorationLock speedFull tech treeHidden civsTurbo modeCheats
Victory
Defeat
🇱🇻 Japanese · Latvia
756
+17
🇪🇸 Persians · Spain
768
-17
tom
7:20 Loom
11:05 Feudal Age
11:39 Man-at-Arms
13:24 Double-Bit Axe
16:26 Wheelbarrow
18:37 Arson
20:03 Scale Mail Armor
24:08 Castle Age
22:11 Gold Mining
24:24 Fletching
24:35 Padded Archer Armor
25:18 Thumb Ring
24:34 Elite Skirmisher
28:35 Squires
29:05 Bodkin Arrow
29:39 Bow Saw
31:11 Hand Cart
32:49 Leather Archer Armor
32:40 Scale Barding Armor
33:33 Ballistics
37:07 Chain Barding Armor
37:33 Forging
41:21 Iron Casting
41:02 Chain Mail Armor
43:41 Imperial Age
42:06 Murder Holes
44:50 Conscription
45:19 Gold Shaft Mining
45:12 Kataparuto
45:25 Bracer
45:56 Ring Archer Armor
47:30 Parthian Tactics
50:22 Heavy Cavalry Archer
52:17 Chemistry
51:34 Cavalier
52:47 Husbandry
52:59 Bloodlines
XsFerA
11:04 Feudal Age
20:59 Castle Age
20:41 Double-Bit Axe
26:59 Bow Saw
27:08 Fletching
37:05 Bodkin Arrow
44:44 Imperial Age
43:40 Parthian Tactics
43:36 Padded Archer Armor
44:51 Leather Archer Armor
45:30 Ballistics
49:41 Bloodlines
50:54 Chemistry
50:58 Thumb Ring
Connection lost

Rejoining the realm…

Still unreachable

The connection could not be restored.

Session expired

The server has moved on; the page needs a fresh start.